 Dungeon Crawl Stone Soup version 0.22-a0-99-g1ac4c55 (webtiles) character file.

42 nono the Skirmisher (level 3, -4/44 HPs)
             Began as an Ogre Fighter on Jan 25, 2018.
             Shot with a stone by a goblin (5 damage)
             ... on level 2 of the Dungeon.
             The game lasted 00:01:52 (879 turns).

nono the Skirmisher (Ogre Fighter)                   Turns: 879, Time: 00:01:52

Health: -4/44      AC:  3    Str: 25    XL:     3   Next: 54%
Magic:  3/3        EV:  8    Int: 10    God:
Gold:   73         SH:  8    Dex:  8    Spells: 2/2 levels left

rFire    . . .     SeeInvis .   h - +1 hand axe (flame)
rCold    . . .     Gourm    .   c - +0 shield
rNeg     . . .     Faith    .   b - +0 robe
rPois    .         Spirit   .   (helmet restricted)
rElec    .         Reflect  .   (no cloak)
rCorr    .         Harm     .   (gloves unavailable)
MR       .....                  (boots unavailable)
Stlth    +.........             (no amulet)
HPRegen  0.14/turn              (no ring)
MPRegen  0.08/turn              (no ring)

@: mighty, lethally poisoned (-4 -> -13)
A: large, unfitting armour, tough skin 1
a: no special abilities


You were on level 2 of the Dungeon.
You were not hungry.

You visited 1 branch of the dungeon, and saw 2 of its levels.

You collected 73 gold pieces.

Inventory:

Hand Weapons
 a - a +0 flail
 e - a +0 mace
 h - a +1 hand axe of flaming (weapon)
Armour
 b - a +0 robe (worn)
 c - a +0 shield (worn)
Scrolls
 g - a scroll of remove curse {unknown}
 i - 4 scrolls of teleportation {unknown}
 j - 2 scrolls of identify {unknown}
Comestibles
 f - a ration


   Skills:
 + Level 5.9 Fighting
 - Level 1.7 Maces & Flails
 - Level 2.6 Dodging
 - Level 2.6 Shields


You had 2 spell levels left.
You didn't know any spells.

Dungeon Overview and Level Annotations

Branches:
Dungeon (2/15)

Altars:


Innate Abilities, Weirdness & Mutations

You are too large for most types of armour.
You have tough skin. (AC +1)


Message History

You see here a chain mail.
You aren't carrying any potions.
You slash the bat! You burn the bat.
You kill the bat!
* * * LOW HITPOINT WARNING * * *
You feel sick. You block the kobold's attack.
You slash the kobold! You burn the kobold.
You kill the kobold!
* * * LOW HITPOINT WARNING * * *
You feel sick.
The giant cockroach waves its antennae.
You slash the goblin! You burn the goblin.
You kill the goblin!
* * * LOW HITPOINT WARNING * * *
You feel sick.
The goblin shoots a stone.
You block the stone. The giant cockroach closely misses you.
You barely miss the giant cockroach.
* * * LOW HITPOINT WARNING * * *
You feel sick.
The goblin shoots a stone.
The stone hits you.
You die...

#....g.(........
##......#.((<..####
.......##........##
...........(....K...
....###..K###..##.
.... #...# #.#
#..####.### ...
#...###...# ...
#.@##..#.# ..
##s)†g##..# #.##.#
... #.##.# ..##
5..... .# #.......
.. .........
..#...$..5# ..§.
...g.


You could see a crimson imp, a giant cockroach and a goblin.

Vanquished Creatures
  A worker ant (D:2)
  A dart slug (D:1)
  A leopard gecko (D:1)
  A giant cockroach (D:1)
  3 goblins
  2 hobgoblins (D:1)
  2 kobolds (D:2)
  A ball python (D:1)
  3 bats
  2 rats (D:1)
17 creatures vanquished.

Notes
Turn   | Place    | Note
-------+----------+-------------------------------------------
     0 | D:1      | nono the Ogre Fighter began the quest for the Orb.
     0 | D:1      | Reached XP level 1. HP: 24/24 MP: 1/1
   350 | D:1      | Reached XP level 2. HP: 33/33 MP: 2/2
   518 | D:1      | Reached skill level 5 in Fighting
   862 | D:2      | Noticed a crimson imp
   874 | D:2      | Reached XP level 3. HP: 10/44 MP: 3/3
   878 | D:2      | HP: 2/44 [poisoned by a worker ant]
   879 | D:2      | Shot with a stone by a goblin

Vault maps used:
D:1:      dpeg_arrival_arbitrary_b
D:2:      nicolae_gozag_cash_rules_everything_around_me,
          eat_drink_and_be_merry_uskayaw

Skill      XL: |  1  2 |
---------------+-------+-----
Fighting       | 5 |  5.9
Maces & Flails | |  1.7
Dodging        | |  2.6
Shields        | |  2.6

Action                   || total
-------------------------++-------
Melee: Hand axe          ||    43
       Flail             ||    14
  Use: Potion            ||     1
Armor: Robe              ||    32
Dodge: Dodged            ||    29
Block: Shield            ||    31

Table legend:
 A = Spawn XP
 B = Non-spawn XP
 C = Spawn XP percentage of total XP
 D = Spawn monster count
 E = Non-spawn monster count
 F = Spawn count percentage of total count
 G = Total turns spent on level
                    A         B        C        D         E        F      G
               +---------+---------+-------+---------+---------+-------+---------
         Total |       0 |      60 |   0.0 |       0 |      17 |   0.0 |   879
               +---------+---------+-------+---------+---------+-------+---------
           D:1 |       0 |      22 |   0.0 |       0 |      12 |   0.0 |   849
           D:2 |       0 |      38 |   0.0 |       0 |       5 |   0.0 |    30
               +---------+---------+-------+---------+---------+-------+---------
